Map: [TLMC17] Royal Blood REVISED

Players

A.I. 1 (Very Easy) - Winner!

  • Race: Protoss Protoss
  • Spawn Location: 7:00

flashandfoul

  • Race: Protoss Protoss
  • Spawn Location: 1:00

VOD

Have the link to the VOD?

Description

Time

  • Played on: Jan. 20, 2023, 1:42 p.m.
  • Length: 9:15
Show
View Real Time Build Order
Export as new Build Order

A.I. 1 (Very Easy) Protoss - Winner!

Build Orders:  

Get SALT Encoding   

  6  0:00  Probe  
  13  0:13  Probe  
  14  0:20  Pylon  
  14  0:37  Assimilator  
  14  0:43  Gateway  
  14  0:46  Pylon  
  14  1:14  Assimilator  
  14  1:23  Probe  
  14  1:31  Probe  
  15  1:33  Zealot, Cybernetics Core  
  15  1:39  Probe  
  19  1:50  Probe  
  20  1:59  Warp Gate  
  20  2:00  Probe  
  20  2:08  Probe  
  22  2:46  Stalker  
  24  4:15  Probe  
  24  7:14  Probe  
  24  7:20  Pylon, Adept  
  24  7:22  Robotics Facility  
  27  7:23  Probe  
  27  7:24  Nexus  
  28  7:31  Probe  
  29  7:39  Probe  
  29  7:47  Probe  
  26  8:09  Observer  
  27  8:20  Stalker  
  27  8:24  Observer  
  30  8:37  Probe  
  31  8:45  Probe  
  31  8:48  Assimilator  
  32  8:51  Assimilator  
  32  8:52  Probe  
  33  8:59  Probe  
Show
View Real Time Build Order
Export as new Build Order

flashandfoul Protoss 

Build Orders: Archon Immortal 

Get SALT Encoding   

  6  0:00  Probe  
  13  0:12  Probe  
  14  0:17  Pylon  
  14  0:24  Probe  
  15  0:36  Probe (Chrono Boost)  
  15  0:37  Gateway  
  16  0:47  Assimilator, Probe (Chrono Boost)  
  17  0:52  Probe (Chrono Boost)  
  17  0:55  Assimilator  
  18  1:03  Probe  
  19  1:07  Gateway  
  19  1:15  Probe  
  20  1:24  Cybernetics Core  
  20  1:27  Probe (Chrono Boost)  
  20  1:31  Pylon  
  21  1:39  Probe (Chrono Boost)  
  22  1:44  Probe (Chrono Boost)  
  23  1:53  Probe  
  24  1:59  Warp Gate (Chrono Boost)  
  24  2:00  Stalker x2  
  28  2:05  Probe  
  28  2:10  Pylon  
  28  2:34  Sentry  
  30  2:38  Nexus  
  30  2:42  Sentry  
  30  2:43  Probe  
  33  2:55  Probe  
  34  2:59  Robotics Facility  
  34  3:07  Shield Battery, Probe  
  35  3:19  Probe  
  36  3:26  Pylon  
  36  3:32  Probe  
  37  3:41  Stalker  
  39  3:43  Immortal (Chrono Boost)  
  39  3:45  Probe (Chrono Boost)  
  44  3:51  Stalker  
  44  3:53  Probe (Chrono Boost)  
  47  4:02  Probe (Chrono Boost)  
  49  4:03  Probe (Chrono Boost)  
  49  4:08  Probe (Chrono Boost)  
  49  4:09  Probe  
  50  4:10  Forge  
  50  4:15  Observer  
  52  4:20  Probe, Twilight Council  
  52  4:21  Probe  
  54  4:32  Probe  
  54  4:33  Probe  
  54  4:36  Immortal  
  60  4:42  Pylon  
  60  4:44  Probe  
  60  4:45  Probe  
  62  4:49  Protoss Ground Weapons Level 1 (Chrono Boost)  
  62  4:55  Gateway x2  
  62  5:00  Probe  
  62  5:01  Assimilator  
  62  5:03  Assimilator, Probe  
  62  5:05  Charge  
  64  5:12  Probe  
  65  5:15  Probe  
  66  5:21  Nexus  
  66  5:25  Pylon  
  66  5:26  Probe  
  67  5:32  Probe  
  68  5:38  Probe  
  69  5:43  Templar Archives  
  69  5:45  Probe  
  69  5:48  Pylon, Zealot x2  
  74  5:50  Probe  
  76  5:57  Probe  
  76  6:02  Probe  
  76  6:04  Pylon  
  77  6:06  Immortal  
  77  6:10  Zealot  
  77  6:11  Zealot  
  85  6:13  Probe  
  85  6:17  Pylon  
  86  6:22  Probe  
  86  6:23  High Templar x2  
  92  6:26  Probe (Chrono Boost)  
  92  6:29  Pylon  
  92  6:32  Assimilator  
  92  6:33  Pylon  
  92  6:35  Probe (Chrono Boost)  
  92  6:36  Assimilator  
  92  6:39  Probe (Chrono Boost)  
  95  6:40  Shield Battery  
  95  6:43  Probe (Chrono Boost)  
  95  6:45  Probe (Chrono Boost)  
  97  6:48  Probe (Chrono Boost)  
  97  6:49  Protoss Ground Weapons Level 2 (Chrono Boost), Probe (Chrono Boost)  
  97  6:50  Probe (Chrono Boost)  
  99  6:57  Archon  
  99  6:58  Probe  
  99  7:00  Gateway  
  100  7:01  Probe x2  
  100  7:02  Gateway  
  100  7:07  Pylon  
  102  7:10  Probe  
  102  7:14  Probe  
  104  7:16  Photon Cannon  
  104  7:18  Shield Battery  
  104  7:19  Probe  
  104  7:22  Photon Cannon, Probe  
  106  7:23  Immortal  
  106  7:26  Probe  
  106  7:28  High Templar x3  
  117  7:31  Probe  
  117  7:36  Nexus  
  118  7:41  Pylon, Probe  
  118  7:42  Probe  
  118  7:43  Probe  
  121  7:54  Gateway, Probe x2  
  121  7:55  Gateway, Probe  
  124  8:00  High Templar  
  124  8:01  High Templar x2  
  124  8:03  Zealot x3  
  136  8:06  Probe  
  137  8:15  Shield Battery  
  137  8:17  Photon Cannon, Probe  
  137  8:18  Probe x2  
  137  8:19  Pylon  
  140  8:20  Archon x2  
  140  8:21  Archon  
  140  8:24  Zealot x2  
  144  8:28  Pylon  
  144  8:29  Pylon, Probe  
  144  8:30  Probe x2  
  144  8:31  Pylon  
  147  8:36  Assimilator, Zealot  
  147  8:38  High Templar x3, Assimilator  
  147  8:41  Probe  
  156  8:42  Probe  
  156  8:43  Archon  
  157  8:48  Pylon  
  157  8:50  Pylon  
  157  8:53  High Templar x3  
  163  9:00  Archon  
  163  9:01  Zealot x2  
  167  9:10  Archon  
Tags
 
Add a new tag
Caveats
  • Supply blocks, unpowered buildings, or Contaminate may cause inaccurate times.
  • Supply counts are checked every 10 seconds.